 Dungeon Crawl Stone Soup version 0.24-a0-416-g56ce5178b7 (webtiles) character file.

Game seed: 8999038025528541933

309863 sharft the Warrior (level 20, -19/164 HPs)
             Began as a Demonspawn Gladiator on June 8, 2019.
             Was the Champion of Hepliaklqana.
             Killed from afar by Mara (36 damage)
             ... with a bolt of fire
             ... on level 3 of the Swamp.
             The game lasted 02:49:22 (57954 turns).

sharft the Warrior (Demonspawn Gladiator)          Turns: 57954, Time: 02:49:23

Health: -19/164    AC: 30    Str: 25    XL:     20   Next: 72%
Magic:  27/27      EV:  5    Int: 11    God:    Hepliaklqana [******]
Gold:   387        SH: 36    Dex: 17    Spells: 20/23 levels left

rFire    . . .     SeeInvis .   b - +6 broad axe (chop)
rCold    . . .     Gourm    .   G - +18 shield of the Gong {rElec rN+ MR+ EV-5}
rNeg     + + .     Faith    .   W - +2 plate armour {MR+}
rPois    +         Spirit   .   c - +2 helmet
rElec    +         Reflect  +   p - +2 cloak
rCorr    .         Harm     .   r - +0 pair of gloves
MR       ++++.                  (boots unavailable)
Stlth    ..........             j - +3 amulet of reflection
HPRegen  0.37/turn              M - ring of protection from magic
MPRegen  0.20/turn              P - ring of poison resistance

@: mighty, about to teleport, very slightly contaminated, lightly drained
A: reduced essence, hooves 3, rugged brown scales 3, blurry vision 2, foul
stench 2, negative energy resistance 1, nightstalker 1, electricity resistance,
rot immunity, MP-powered wands
}: 1/15 runes: gossamer
a: Recall Ancestor, Ancestor Identity, Transference, Idealise, Renounce Religion


You were on level 3 of the Swamp.
You worshipped Hepliaklqana.
Hepliaklqana was exalted by your worship.
You were not hungry.

You visited 6 branches of the dungeon, and saw 35 of its levels.
You also visited: Sewer.

You collected 4013 gold pieces.
You spent 3626 gold pieces at shops.

Inventory:

Hand Weapons
 a - a +4 hand axe of flaming
 b - a +6 broad axe of chopping (weapon)
 A - the +6 trident of Abomination {freeze, rC+ rN+}
   (You bought it in a shop on level 5 of the Dungeon)

   It has been specially enchanted to freeze those struck by it, causing extra
   injury to most foes and up to half again as much damage against particularly
   susceptible opponents.
   It can also slow down cold-blooded creatures.
   It protects you from cold.
   It protects you from negative energy.
Missiles
 s - 3 throwing nets (quivered)
Armour
 c - a +2 helmet (worn)
 p - a +2 cloak (worn)
 r - a +0 pair of gloves (worn)
 G - the +18 shield of the Gong (worn) {rElec rN+ MR+ EV-5}
   (You bought it in a shop on level 2 of the Orcish Mines)

   It affects your evasion (-5).
   It insulates you from electricity.
   It protects you from negative energy.
   It affects your resistance to hostile enchantments.
 S - the +0 chain mail of Parlour Games {rPois rC++ Int-2 SInv}
   (You found it on level 9 of the Dungeon)

   It affects your intelligence (-2).
   It greatly protects you from cold.
   It protects you from poison.
   It lets you see invisible.
 W - a +2 plate armour of magic resistance (worn)
Jewellery
 i - an uncursed ring of resist corrosion
 j - a +3 amulet of reflection (around neck)
 l - an uncursed ring of ice
 x - an uncursed ring of fire
 I - an uncursed ring of fire
 L - an uncursed ring of see invisible
 M - a ring of protection from magic (left hand)
 P - a ring of poison resistance (right hand)
Wands
 e - a wand of clouds (8)
 q - a wand of acid (2)
 v - a wand of disintegration (11)
 E - a wand of iceblast (16)
 H - a wand of paralysis (24)
Scrolls
 d - 10 scrolls of magic mapping
 g - 9 scrolls of teleportation
 z - 16 scrolls of remove curse
 F - 5 scrolls of identify
 J - 9 scrolls of fog
 V - 2 scrolls of enchant armour
 Y - 2 scrolls of fear
Potions
 h - 7 potions of brilliance
 m - 13 potions of curing
 n - 5 potions of agility
 t - 4 potions of magic
 u - 7 potions of ambrosia
 w - 6 potions of flight
 B - 2 potions of cancellation
 D - 3 potions of resistance
 N - 3 potions of invisibility
 O - 3 potions of heal wounds
 X - 5 potions of haste
Miscellaneous
 k - a phial of floods
Comestibles
 f - 44 rations


   Skills:
 - Level 18.0(17.3) Fighting
 * Level 14.8(16.0) Axes
 - Level 13.3(15.3) Polearms
 - Level 2.0(1.5) Throwing
 * Level 15.1(14.5) Armour
 * Level 4.5(4.0) Dodging
 - Level 0.6(0.1) Stealth
 - Level 15.9(15.2) Shields
 - Level 2.1(1.7) Spellcasting
 - Level 2.1(1.7) Translocations
 - Level 10.0(9.4) Invocations
 - Level 0.1(0.0) Evocations


You had 20 spell levels left.
You knew the following spells:

 Your Spells              Type           Power        Failure   Level  Hunger
a - Blink                 Tloc           N/A          86%         2    ###....
b - Confusing Touch       Hex            #.....       92%         1    ##.....

Your spell library contained the following spells:

 Spells                   Type           Power        Failure   Level  Hunger
 Apportation              Tloc           #.....       75%         1    ##.....
 Animate Skeleton         Necr           N/A          92%         1    ##.....
 Beastly Appendage        Tmut           #.....       92%         1    ##.....
 Infusion                 Chrm           #...         92%         1    ##.....
 Magic Dart               Conj           #...         92%         1    ##.....
 Pain                     Necr           #...         92%         1    ##.....
 Sandblast                Erth           #.....       92%         1    ##.....
 Summon Small Mammal      Summ           #...         92%         1    ##.....
 Shroud of Golubria       Chrm/Tloc      #.....       94%         2    ###....
 Call Imp                 Summ           #.......     98%         2    ###....
 Corpse Rot               Necr           N/A          98%         2    ###....
 Ensorcelled Hibernation  Hex/Ice        #.....       98%         2    ###....
 Passwall                 Tmut/Erth      #.......     98%         2    ###....
 Slow                     Hex            #.......     98%         2    ###....
 Song of Slaying          Chrm           #.......     98%         2    ###....
 Sticks to Snakes         Tmut           #.......     98%         2    ###....
 Sublimation of Blood     Necr           #.........   98%         2    ###....
 Call Canine Familiar     Summ           #.......     100%        3    ####...
 Conjure Flame            Conj/Fire      #.......     100%        3    ####...
 Mephitic Cloud           Conj/Pois/Air  #.......     100%        3    ####...
 Regeneration             Chrm/Necr      #.........   100%        3    ####...
 Spectral Weapon          Hex/Chrm       #.......     100%        3    ####...
 Spider Form              Tmut/Pois      #.........   100%        3    ####...
 Stone Arrow              Conj/Erth      #.....       100%        3    ####...
 Summon Guardian Golem    Hex/Summ       #.......     100%        3    ####...
 Vampiric Draining        Necr           #.........   100%        3    ####...
 Animate Dead             Necr           N/A          100%        4    #####..
 Ice Form                 Ice/Tmut       #.......     100%        4    #####..
 Petrify                  Tmut/Erth      #.......     100%        4    #####..
 Summon Ice Beast         Ice/Summ       #.......     100%        4    #####..
 Summon Lightning Spire   Summ/Air       #.......     100%        4    #####..
 Agony                    Necr           #.......     100%        5    ######.
 Blade Hands              Tmut           #.........   100%        5    ######.
 Bolt of Draining         Conj/Necr      #.........   100%        5    ######.
 Borgnjor's Vile Clutch   Necr/Erth      #.........   100%        5    ######.
 Dispel Undead            Necr           #.......     100%        5    ######.
 Excruciating Wounds      Chrm/Necr      #.........   100%        5    ######.
 Lee's Rapid Deconstruct  Erth           #.........   100%        5    ######.
 Silence                  Hex/Air        #.........   100%        5    ######.
 Darkness                 Hex            #.........   100%        6    #######
 Shadow Creatures         Summ           N/A          100%        6    #######


Dungeon Overview and Level Annotations

Branches:
Dungeon (15/15)            Temple (0/1) D:7            Lair (6/6) D:8
  Swamp (4/4) Lair:3       Spider (4/4) Lair:3        Slime (0/5) Lair:6
    Orc (2/2) D:10            Elf (0/3) Orc:2        Vaults (4/5) D:14
  Crypt (0/3) Vaults:2     Depths (0/5) D:15

Altars:
Ashenzari
Dithmenos
Elyvilon
Fedhas
Hepliaklqana
Qazlal
Ru
Trog
Uskayaw
Vehumet
Yredelemnul
Zin
The Shining One
Beogh
Jiyva

Shops:
D:5 (   D:14 ?(:!:   Orc:2 }*%[   Vaults:2 (   Vaults:4 *

Portals:
Trove: D:13 (give 2 scrolls of acquirement)

Annotations:
D:2 exclusion: downstairs
D:3 Purgy
D:7 exclusion: downstairs
D:14 exclusion: downstairs
Lair:5 exclusion: downstairs
Lair:6 1 runed translucent door, Azzok's ghost, journeyman FoFi
Swamp:3 exclusion: downstairs, Mara
Vaults:1 exclusion: downstairs


Innate Abilities, Weirdness & Mutations

You have hooves in place of feet.
You are completely covered in rugged brown scales. (AC +3, +7% HP)
You frequently emit foul miasma when damaged in melee.
You resist negative energy. (rN+)
You are slightly more attuned to the shadows.
You are immune to rotting.
Your life essence is reduced to manifest your ancestor. (-10% HP)
Scrolls take you longer to read.
You are resistant to electric shocks. (rElec)
You expend magic power (3 MP) to strengthen your wands.


Message History

PTOANNNG!
You begin reading the scroll.
You continue reading the scroll.
Mara blinks!
Mara splashes around in the water.
Mara blinks!
You block sharft's illusion's attack.
GONNNNG!
Blink to where?
Press: ? - help, Dir - move target cursor You are very lightly contaminated with residual magic.
As you read the scroll of blinking, it crumbles to dust.
Really read with blurry vision while enemies are nearby? [Y]es or [N]o only, please.
Really read with blurry vision while enemies are nearby?
Mara says, "What good are steel and magic against my illusions?"
You begin reading the scroll.
You continue reading the scroll.
As you read the scroll of teleportation, it crumbles to dust.
You feel strangely unstable.
Mara blinks!
Mara gestures at you. The bolt of fire hits you!!!
You die...

♣...≈.≈≈≈≈.♣♣≈≈♣♣♣..♣♣
♣♣♣≈..
♣♣≈≈≈≈≈≈≈≈≈≈≈♣♣♣♣♣♣♣♣ ♣♣..
♣≈...≈§≈≈≈≈≈♣♣♣.≈♣♣♣ ♣..
♣♣.≈≈.....>♣♣ ♣...≈♣ ♣.R
♣♣♣♣....♣♣♣ ♣♣...♣♣ ♣♣♣♣♣
♣....≈♣♣♣♣♣ ♣♣..≈♣♣♣♣♣≈≈≈.
♣.≈...≈...♣♣♣.≈≈§.≈§§≈≈≈≈R
♣≈≈≈.≈..≈≈....≈≈≈...♣♣....
♣♣≈..♣♣♣.@.≈≈≈≈≈...≈..≈≈≈.
♣♣♣♣♣ ♣♣♣♣..@≈≈.§..≈.≈≈≈.
♣♣.R≈R♣♣♣♣♣..≈.♣ ♣♣♣♣♣♣
♣♣♣♣♣♣


You could see 2 Maras and sharft's illusion.

Vanquished Creatures
  Jorgrun (D:15)
  Rupert (Lair:4)
  Kirke (Swamp:1)
  2 thorn hunters (Swamp:4)
  A fire giant (Vaults:2)
  A deep elf sorcerer (Vaults:4)
  9 vault wardens
  2 ghost moths (Spider:4)
  An orc warlord (Orc:2)
  12 ironheart preservers
  6 emperor scorpions
  A ghoul (Vaults:4)
  4 stone giants
  A very ugly thing (Swamp:3)
  5 entropy weavers
  A deep elf annihilator (Vaults:3)
  A deep elf demonologist (Vaults:4)
  Snorg (Orc:1)
  A spark wasp (Spider:4)
  Josephine (Spider:1)
  An ettin (Vaults:2)
  A deep elf death mage (Vaults:2)
  3 yaktaur captains
  A ragged hierophant (Vaults:1)
  3 fire dragons
  19 hydras
  10 ogre magi
  2 shambling mangroves
  2 rakshasas
  4 ice dragons
  8 vault guards
  A catoblepas (Lair:2)
  3 centaur warriors
  3 ghost crabs
  38 two-headed ogres
  2 death knights
  4 deep troll shamans
  16 death yaks (Lair:6)
  A queen ant (Lair:6)
  A two-headed ogre (shapeshifter) (Vaults:3)
  A vampire mage (Vaults:2)
  10 alligators
  Urug (Lair:3)
  4 spriggans
  4 orc high priests (Orc:2)
  Nergalle (Orc:1)
  7 deep elf knights
  A skeletal warrior (Vaults:4)
  A shadow wraith (Vaults:4)
  2 fire crabs (shapeshifter) (Vaults:3)
  A spriggan druid (Swamp:4)
  7 deep trolls
  A flayed ghost (Vaults:2)
  3 unseen horrors
  10 ironbrand convokers
  2 lindwurms (Swamp:4)
  2 wizards
  2 obsidian statues
  6 deep elf archers
  2 glowing orange brains
  8 swamp dragons
  18 orb spiders
  Pikel (D:5)
  A necromancer (Vaults:2)
  20 orc knights
  8 orc sorcerers
  42 wolf spiders
  A salamander (shapeshifter) (Vaults:2)
  A cyclops (shapeshifter) (Vaults:2)
  10 deep elf magi
  A moth of wrath (Spider:4)
  25 ugly things
  3 manticores
  6 cyclopes
  10 elephants
  11 vault sentinels
  A black mamba (Lair:3)
  Maurice (D:8)
  3 gargoyles
  29 spiny frogs
  A rime drake (Lair:3)
  9 demonic crawlers
  5 komodo dragons
  19 yaktaurs
  7 freezing wraiths
  29 jumping spiders
  A polar bear (Lair:4)
  13 tyrant leeches
  2 meliai (Spider:3)
  11 bog bodies
  12 trolls
  A wind drake (shapeshifter) (Vaults:2)
  19 hornets
  41 slime creatures
  2 raiju (shapeshifter)
  2 saltlings (Vaults:1)
  10 dream sheep (Lair:6)
  8 hippogriffs
  18 blink frogs
  6 wraiths
  3 shadows
  55 redbacks
  A spriggan (shapeshifter) (Vaults:2)
  16 tarantellas
  A tarantella (shapeshifter) (Vaults:2)
  Sigmund (D:3)
  Eustachio (D:4)
  2 vampires
  2 wyverns
  2 basilisks
  27 yaks
  3 steam dragons
  21 vampire mosquitoes
  2 hungry ghosts
  A yaktaur simulacrum (Vaults:1)
  8 wargs
  11 swamp worms
  A human simulacrum (Vaults:2)
  3 acid dragons
  19 insubstantial wisps
  An acid dragon (shapeshifter) (Vaults:3)
  17 soldier ants
  5 water moccasins
  A porcupine (Lair:1)
  59 orc warriors
  5 hexers
  4 ice beasts
  9 swamp drakes
  2 black bears (shapeshifter)
  4 black bears
  6 sky beasts
  4 boggarts (Vaults:2)
  A phantom (D:4)
  A necrophage (D:7)
  38 ogres
  10 centaurs
  10 crocodiles
  A big kobold (D:9)
  Blork the orc (D:4)
  27 bullfrogs
  4 scorpions
  17 killer bees
  2 wights (D:7)
  2 howler monkeys
  4 electric eels
  8 crimson imps
  2 bullfrog zombies
  4 centaur zombies
  11 jellies
  A quasit (D:9)
  7 hounds
  3 bullfrog skeletons
  34 orc priests
  3 centaur skeletons
  Terence (D:2)
  Natasha (thrice) (D:3)
  26 orc wizards
  32 worker ants
  A hound zombie (D:11)
  A hound skeleton (D:9)
  2 mummies (D:7)
  7 gnolls
  14 adders
  A river rat (shapeshifter) (D:15)
  5 river rats (D:3)
  A shadow imp (D:10)
  14 oozes
  2 adder skeletons
  6 worms
  4 dart slugs
  5 leopard geckos
  125 orcs
  3 giant cockroaches
  6 goblins
  3 hobgoblins
  15 jackals
  18 kobolds
  6 quokkas
  6 ball pythons
  5 bats
  10 frilled lizards
  A quokka skeleton (D:5)
  12 rats
  A spectral orc (D:4)
  3 briar patches (Swamp:4)
  5 plants (Sewer)
1492 creatures vanquished.

Vanquished Creatures (collateral kills)
  A tengu reaver (Vaults:3)
  A ghost moth (Spider:4)
  2 ironheart preservers
  An entropy weaver (Spider:4)
  A jiangshi (Vaults:2)
  5 hydras
  An alligator (Swamp:2)
  7 two-headed ogres
  A death knight (D:13)
  An orc high priest (Orc:1)
  A shadow wraith (Vaults:4)
  A swamp dragon (shapeshifter) (D:15)
  A glowing orange brain (Vaults:2)
  2 swamp dragons
  A wizard (Vaults:3)
  2 ironbrand convokers
  A lindwurm (Swamp:4)
  3 orb spiders
  An orc knight (Orc:2)
  An orc sorcerer (Orc:1)
  5 ugly things
  5 wolf spiders
  An elephant (Lair:6)
  2 moths of wrath (Spider:3)
  A vault sentinel (Vaults:4)
  A centaur zombie (D:11)
  4 spiny frogs
  2 komodo dragons
  A demonic crawler (Spider:4)
  A yaktaur (Vaults:3)
  A kobold demonologist (D:14)
  A meliai (Spider:3)
  2 trolls
  3 hornets
  4 jumping spiders
  5 tyrant leeches
  A saltling (Vaults:1)
  A hippogriff (D:9)
  A dream sheep (Lair:6)
  4 blink frogs
  12 slime creatures
  3 spriggans
  3 tarantellas
  A wyvern (Lair:2)
  9 redbacks
  7 yaks
  A golden eye (shapeshifter) (D:15)
  3 basilisks
  A vampire mosquito (Swamp:1)
  2 hogs (Swamp:1)
  An insubstantial wisp (Swamp:1)
  2 wargs (Vaults:2)
  3 soldier ants (Lair:6)
  3 swamp worms
  An acid dragon (Lair:4)
  2 water moccasins
  5 orc warriors
  2 swamp drakes (Swamp:4)
  An ice beast (D:6)
  2 sky beasts
  A black bear (D:8)
  A boggart (Vaults:2)
  An eye of draining (D:12)
  5 centaurs
  2 crocodiles
  2 bullfrogs
  A killer bee (D:4)
  An electric eel (Lair:6)
  A howler monkey (D:7)
  4 orc wizards
  2 orc priests (Orc:1)
  A gnoll shaman (D:4)
  A worker ant (shapeshifter) (D:15)
  Ijyb (D:5)
  6 worker ants
  2 oozes
  24 orcs
  A jackal (D:4)
  A butterfly (Lair:1)
203 creatures vanquished.

Vanquished Creatures (others)
  A vault warden (Vaults:2)
  A stone giant (Vaults:2)
  2 hydras
  An ogre mage (Vaults:3)
  2 swamp dragons
  A wolf spider (Spider:4)
  2 ugly things (Swamp:4)
  2 vault sentinels
  8 yaktaurs
  A tyrant leech (Swamp:2)
  A redback (Spider:2)
  An orc warrior (Orc:2)
  A slave (D:5)
  2 swamp drakes (Swamp:4)
  A centaur (D:11)
  An orc priest (Orc:2)
  A jelly (D:8)
  51 hexers
  An ancestor (D:4)
  2 orcs (Orc:1)
  18 fungi
  49 plants (Lair:6)
150 creatures vanquished.

Grand Total: 1845 creatures vanquished

Notes
Turn   | Place    | Note
-------+----------+-------------------------------------------
     0 | D:1      | sharft the Demonspawn Gladiator began the quest for the
                  | Orb.
     0 | D:1      | Reached XP level 1. HP: 16/16 MP: 1/1
   331 | D:1      | Gained mutation: You are partially covered in rugged brown
                  | scales. (AC +1, +3% HP) [demonic ancestry]
   331 | D:1      | Reached XP level 2. HP: 16/22 MP: 2/2
   951 | D:1      | Reached XP level 3. HP: 22/27 MP: 3/3
  1631 | D:2      | Noticed Terence
  1645 | D:2      | Killed Terence
  1645 | D:2      | Reached XP level 4. HP: 35/35 MP: 4/4
  1997 | D:3      | Noticed Sigmund
  2017 | D:3      | Killed Sigmund
  2017 | D:3      | Gained mutation: You are immune to rotting. [demonic
                  | ancestry]
  2017 | D:3      | Reached XP level 5. HP: 23/40 MP: 5/5
  2274 | D:3      | Noticed Purgy
  2455 | D:3      | Reached skill level 5 in Axes
  2455 | D:3      | Reached XP level 6. HP: 42/47 MP: 6/6
  2502 | D:3      | Found a glowing drain.
  2510 | Sewer    | Entered a sewer
  3750 | D:3      | Reached skill level 3 in Fighting
  4403 | D:3      | Noticed Natasha
  4409 | D:3      | Killed Natasha
  5014 | D:3      | Noticed Natasha
  5023 | D:3      | Killed Natasha
  5023 | D:3      | Gained mutation: You may emit foul miasma when damaged in
                  | melee. [demonic ancestry]
  5023 | D:3      | Reached XP level 7. HP: 36/53 MP: 7/7
  5031 | D:3      | Noticed Natasha
  5038 | D:3      | Killed Natasha
  5225 | D:4      | Reached skill level 1 in Shields
  5690 | D:4      | Found a hazy altar of Hepliaklqana.
  5885 | D:4      | Became a worshipper of Hepliaklqana the Forgotten
  6023 | D:4      | Noticed Eustachio
  6048 | D:4      | Killed Eustachio
  6048 | D:4      | Gained mutation: You are mostly covered in rugged brown
                  | scales. (AC +2, +5% HP) [demonic ancestry]
  6048 | D:4      | Reached XP level 8. HP: 20/57 MP: 8/8
  6288 | D:4      | Noticed Blork the orc
  6295 | D:4      | Killed Blork the orc
  6337 | D:4      | Reached skill level 4 in Fighting
  6450 | D:4      | Found a sacrificial altar of Ru.
  6455 | D:4      | Found a stormy altar of Qazlal.
  6456 | D:4      | Found a hide-covered altar of Uskayaw.
  6456 | D:4      | Found a radiant altar of Vehumet.
  6458 | D:4      | Found a shattered altar of Ashenzari.
  6459 | D:4      | Found a shadowy altar of Dithmenos.
  6460 | D:4      | Found a bloodstained altar of Trog.
  6873 | D:4      | Reached * piety under Hepliaklqana
  6971 | D:4      | Found a basalt altar of Yredelemnul.
  7053 | D:5      | Entered Level 5 of the Dungeon
  7061 | D:5      | Found Irasta Lile's Antique Weapon Shoppe.
  7351 | D:5      | Bought an iridescent trident for 221 gold pieces
  7351 | D:5      | Identified the +6 trident of Abomination {freeze, rC+ rN+}
                  | (You bought it in a shop on level 5 of the Dungeon)
  7392 | D:5      | Noticed Pikel
  7402 | D:5      | Killed Pikel
  7402 | D:5      | Reached skill level 5 in Armour
  7402 | D:5      | Gained mutation: You frequently emit foul miasma when
                  | damaged in melee. [demonic ancestry]
  7402 | D:5      | Reached XP level 9. HP: 59/63 MP: 9/9
  7556 | D:5      | Reached skill level 5 in Fighting
  7648 | D:5      | Noticed Ijyb
  7659 | D:5      | Paralysed by Ijyb for 3 turns
  7665 | D:5      | Killed Ijyb
  7923 | D:6      | Got a translucent ring mail
  7934 | D:6      | Identified the +1 ring mail of a sewer {Int-3 Slay+5 SInv}
                  | (You found it on level 6 of the Dungeon)
  8549 | D:7      | Reached skill level 5 in Polearms
  8593 | D:7      | Reached skill level 1 in Invocations
  8772 | D:7      | Found a staircase to the Ecumenical Temple.
  8787 | D:7      | Reached ** piety under Hepliaklqana
  8788 | D:7      | Remembered your ancestor Tawil as a hexer
  8994 | D:7      | Found a blossoming altar of Fedhas.
  9293 | D:8      | Noticed Maurice
  9307 | D:8      | Reached XP level 10. HP: 56/72 MP: 11/11
  9343 | D:8      | Killed Maurice
  9343 | D:8      | Reached skill level 6 in Fighting
  9374 | D:8      | Noticed a two-headed ogre
  9803 | D:8      | Noticed an elephant
  9810 | D:8      | Killed an elephant
  9815 | D:8      | Noticed a two-headed ogre
  9828 | D:8      | Killed a two-headed ogre
 10132 | D:8      | Found a white marble altar of Elyvilon.
 10140 | D:8      | Killed a two-headed ogre
 10312 | D:8      | Found a staircase to the Lair.
 10320 | D:8      | Reached skill level 7 in Fighting
 10349 | D:8      | Gained mutation: You are slightly more attuned to the
                  | shadows. [demonic ancestry]
 10349 | D:8      | Reached XP level 11. HP: 79/79 MP: 13/13
 10519 | D:9      | Noticed a two-headed ogre
 10528 | D:9      | Killed a two-headed ogre
 10661 | D:9      | Got a bronze chain mail
 10672 | D:9      | Identified the +0 chain mail of Parlour Games {rPois rC++
                  | Int-2 SInv} (You found it on level 9 of the Dungeon)
 10722 | D:9      | Reached skill level 10 in Polearms
 10812 | D:9      | Found a glowing silver altar of Zin.
 10815 | D:9      | Found a glowing golden altar of the Shining One.
 10815 | D:9      | Found a white marble altar of Elyvilon.
 10951 | D:9      | Learned a level 2 spell: Blink
 11182 | D:9      | Gained mutation: You are robust. (+10% HP) [potion of
                  | mutation]
 11182 | D:9      | Gained mutation: You have an increased reservoir of magic.
                  | (+10% MP) [potion of mutation]
 11213 | D:10     | Entered Level 10 of the Dungeon
 11218 | D:10     | Noticed a seven-headed hydra
 11230 | D:10     | Killed a seven-headed hydra
 11432 | D:10     | Reached *** piety under Hepliaklqana
 11457 | D:10     | Reached skill level 1 in Translocations
 11479 | D:10     | Found a staircase to the Orcish Mines.
 11848 | D:5      | Bought a dazzling trident for 221 gold pieces
 11848 | D:5      | Identified the +6 trident "Ynimorch" {speed, Int+3} (You
                  | bought it in a shop on level 5 of the Dungeon)
 12012 | D:10     | Reached skill level 1 in Spellcasting
 12216 | D:10     | Found a basalt altar of Yredelemnul.
 12311 | D:10     | Lost mutation: You are robust. (+10% HP) [potion of
                  | mutation]
 12311 | D:10     | Gained mutation: You have large cloven feet. [potion of
                  | mutation]
 12311 | D:10     | Gained mutation: You are resistant to hostile enchantments.
                  | (MR+) [potion of mutation]
 12312 | D:10     | Lost mutation: You have an increased reservoir of magic.
                  | (+10% MP) [potion of mutation]
 12312 | D:10     | Lost mutation: You are resistant to hostile enchantments.
                  | (MR+) [potion of mutation]
 12312 | D:10     | Gained mutation: You are agile. (Dex +2) [potion of
                  | mutation]
 12312 | D:10     | Gained mutation: You have a beak for a mouth. [potion of
                  | mutation]
 12322 | D:10     | Noticed an obsidian statue
 12327 | D:10     | Noticed a soul eater
 12327 | D:10     | Noticed a soul eater
 13330 | D:11     | Noticed a red ugly thing
 13337 | D:11     | Killed a red ugly thing
 13505 | D:11     | Reached **** piety under Hepliaklqana
 13511 | D:11     | Reached skill level 8 in Fighting
 14557 | D:10     | Killed an obsidian statue
 14557 | D:10     | Reached XP level 12. HP: 79/89 MP: 15/15
 14810 | D:12     | Noticed a two-headed ogre
 14824 | D:12     | Killed a two-headed ogre
 15491 | D:13     | Reached skill level 9 in Fighting
 15580 | D:13     | Noticed a death knight
 15598 | D:13     | Killed a death knight
 15706 | D:13     | Reached skill level 5 in Shields
 15800 | D:13     | Found a portal to a secret trove of treasure.
 16061 | D:13     | Reached ***** piety under Hepliaklqana
 16460 | D:14     | Found Xoyjur's Antique Weapon Boutique.
 16473 | D:14     | Noticed a death knight
 16500 | D:14     | Reached skill level 5 in Invocations
 16515 | D:13     | Killed a death knight
 16782 | D:14     | Found Goderes's Distillery.
 16807 | D:14     | Bought a potion of mutation for 112 gold pieces
 16807 | D:14     | Bought a potion of lignification for 42 gold pieces
 16807 | D:14     | Bought a potion of degeneration for 14 gold pieces
 16808 | D:14     | Lost mutation: You are agile. (Dex +2) [potion of mutation]
 16808 | D:14     | Lost mutation: You have a beak for a mouth. [potion of
                  | mutation]
 16808 | D:14     | Lost mutation: You have large cloven feet. [potion of
                  | mutation]
 16808 | D:14     | Gained mutation: Scrolls take you a little longer to read.
                  | [potion of mutation]
 16808 | D:14     | Gained mutation: Scrolls take you longer to read. [potion
                  | of mutation]
 16808 | D:14     | Gained mutation: You expend magic power (3 MP) to
                  | strengthen your wands. [potion of mutation]
 16808 | D:14     | Gained mutation: You are resistant to electric shocks.
                  | (rElec) [potion of mutation]
 16836 | D:14     | Found Goyfa's Book Emporium.
 16860 | D:14     | Gained mutation: You have large cloven feet. [demonic
                  | ancestry]
 16860 | D:14     | Reached XP level 13. HP: 96/96 MP: 16/16
 17117 | D:14     | Found Dahag's Book Shoppe.
 17159 | D:14     | Found a gate to the Vaults.
 17189 | D:14     | Reached skill level 10 in Fighting
 18167 | D:14     | Found Nimen's Magic Scroll Emporium.
 18359 | D:14     | Learned a level 1 spell: Confusing Touch
 18398 | D:15     | Entered Level 15 of the Dungeon
 18547 | D:15     | Noticed Jorgrun
 19518 | D:15     | Reached skill level 11 in Fighting
 19616 | D:15     | Found a staircase to the Depths.
 19815 | D:15     | Killed Jorgrun
 20308 | Lair:1   | Entered Level 1 of the Lair of Beasts
 21153 | Lair:2   | Gained mutation: You have hoof-like feet. [demonic
                  | ancestry]
 21153 | Lair:2   | Reached XP level 14. HP: 98/107 MP: 18/18
 21747 | Lair:2   | Reached ****** piety under Hepliaklqana
 22293 | Lair:3   | Found a staircase to the Swamp.
 22361 | Lair:3   | Noticed Urug
 22367 | Lair:3   | Reached skill level 10 in Armour
 22386 | Lair:3   | Killed Urug
 22718 | Lair:3   | Reached skill level 12 in Fighting
 23395 | Lair:3   | Found a hole to the Spider Nest.
 24052 | Lair:4   | Noticed Rupert
 24068 | Lair:4   | Killed Rupert
 24795 | Lair:4   | You fall into a shaft and drop 2 floors!
 24795 | Lair:6   | Entered Level 6 of the Lair of Beasts
 26196 | Lair:6   | Got a polished ring mail
 26212 | Lair:6   | Identified the +4 ring mail "Nyqun" {rN+++ MP+9 Str-4
                  | Int+2} (You found it on level 6 of the Lair of Beasts)
 26307 | Lair:6   | Reached skill level 13 in Fighting
 26385 | Lair:6   | Found a runed translucent door.
 26385 | Lair:6   | Noticed Azzok's ghost (journeyman FoFi)
 26486 | Lair:6   | Reached XP level 15. HP: 106/116 MP: 19/19
 26692 | Lair:6   | Reached skill level 10 in Shields
 28012 | Lair:6   | Found a viscous altar of Jiyva.
 28150 | Lair:6   | Reached skill level 14 in Fighting
 28794 | Lair:6   | Found a staircase to the Slime Pits.
 29005 | Orc:1    | Entered Level 1 of the Orcish Mines
 29020 | Orc:1    | Noticed Nergalle
 29028 | Orc:1    | Killed Nergalle
 29092 | Orc:1    | Found a roughly hewn altar of Beogh.
 29234 | Orc:1    | Noticed Snorg
 29248 | Orc:1    | Killed Snorg
 29875 | Orc:2    | Entered Level 2 of the Orcish Mines
 30290 | Orc:2    | Found a roughly hewn altar of Beogh.
 30764 | Orc:2    | Found Gur Ciopt's Antique Armour Boutique.
 30857 | Orc:2    | Found Xaucoyt's Food Shop.
 31194 | Orc:2    | Found a roughly hewn altar of Beogh.
 31194 | Orc:2    | Noticed an orc warlord
 31212 | Orc:2    | Killed an orc warlord
 31212 | Orc:2    | Gained mutation: You resist negative energy. (rN+) [demonic
                  | ancestry]
 31212 | Orc:2    | Reached XP level 16. HP: 119/127 MP: 17/20
 31438 | Orc:2    | Found Vahaotax's Assorted Antiques.
 31501 | Orc:2    | Found Finin's Gadget Shop.
 32100 | Orc:2    | Found a staircase to the Elven Halls.
 32689 | Lair:2   | Got a scorched hand axe
 32690 | Lair:2   | Identified the cursed +3 hand axe "Telur" {chop, -Tele rN+
                  | Dex+2} (You found it on level 2 of the Lair of Beasts)
 32696 | Lair:2   | Identified 2 scrolls of acquirement
 32766 | Spider:1 | Entered Level 1 of the Spider Nest
 33790 | Spider:1 | Reached skill level 15 in Fighting
 33961 | Spider:1 | Noticed Josephine
 33975 | Spider:1 | Killed Josephine
 38043 | Spider:4 | Entered Level 4 of the Spider Nest
 38249 | Spider:4 | Reached XP level 17. HP: 97/134 MP: 23/23
 40268 | Spider:4 | Paralysed by a hornet for 3 turns
 40420 | Spider:4 | Reached skill level 16 in Fighting
 41219 | Spider:4 | Got a gossamer rune of Zot
 41863 | Vaults:1 | Entered Level 1 of the Vaults
 43197 | Vaults:1 | Gained mutation: You have hooves in place of feet. [demonic
                  | ancestry]
 43197 | Vaults:1 | Reached XP level 18. HP: 96/145 MP: 25/25
 43589 | Vaults:1 | Got a dazzling chain mail
 43592 | Vaults:1 | Identified the cursed +1 chain mail of the Townfolk {Int+4}
                  | (You found it on level 1 of the Vaults)
 43721 | Vaults:1 | Reached skill level 10 in Invocations
 44366 | Vaults:1 | Reached skill level 15 in Shields
 45050 | Vaults:2 | Reached skill level 17 in Fighting
 45519 | Vaults:2 | Found a staircase to the Crypt.
 45689 | Vaults:2 | Found Weffo's Antique Weapon Shoppe.
 47800 | Vaults:3 | Reached XP level 19. HP: 31/153 MP: 26/26
 47807 | Vaults:3 | HP: 3/153 [wizard/bolt of cold (13)]
 49621 | Vaults:3 | Paralysed by a hornet for 3 turns
 49855 | Vaults:3 | Reached skill level 10 in Axes
 52428 | Orc:2    | Bought the +18 shield of the Gong {rElec rN+ MR+ EV-5} for
                  | 3016 gold pieces
 52428 | Orc:2    | Found the +18 shield of the Gong {rElec rN+ MR+ EV-5}
 52893 | Vaults:4 | Found Zateopp's Assorted Antiques.
 53316 | Vaults:4 | Gained mutation: You are completely covered in rugged brown
                  | scales. (AC +3, +7% HP) [demonic ancestry]
 53316 | Vaults:4 | Reached XP level 20. HP: 152/164 MP: 27/27
 54345 | Swamp:1  | Entered Level 1 of the Swamp
 54507 | Swamp:1  | Noticed Kirke
 54524 | Swamp:1  | Killed Kirke
 55403 | Swamp:2  | Reached skill level 18 in Fighting
 55905 | Swamp:2  | Reached skill level 15 in Armour
 57124 | Swamp:4  | Entered Level 4 of the Swamp
 57142 | Swamp:4  | Got a jewelled scale mail
 57160 | Swamp:3  | Identified the +6 scale mail of Courage {*Slow Str+4} (You
                  | found it on level 4 of the Swamp)
 57681 | Swamp:4  | Noticed Mara
 57693 | Swamp:4  | Noticed sharft's illusion
 57945 | Swamp:3  | Noticed sharft's illusion
 57945 | Swamp:3  | HP: 3/164 [Mara (illusionary)/bolt of fire (32)]
 57954 | Swamp:3  | Killed from afar by Mara

Levels and vault maps discovered:
D:1:      matt_arrival_diagonals, layout_loops_ring,
          chequers_serial_rivers_micro_a
D:2:      layout_basic, uniq_terence
D:3:      layout_loops_ring, lightli_sewer_entry_pipes, hex_medium,
          chequers_serial_rivers_micro_d, uniq_sigmund, uniq_natasha, uniq_purgy
D:4:      layout_gridville, nicolae_overflow_crystal_walls, minitemple,
          yredelemnul_forgotten_temple_becter, first_ration,
          minmay_misc_feat_secret_circle, minmay_vboxes, uniq_eustachio,
          uniq_blork_the_orc
D:5:      layout_basic, serial_shops, kennysheep_mini_moat, uniq_pikel,
          uniq_ijyb
D:6:      layout_cave_pods
D:7:      layout_basic, overflow_temple_1_default, minmay_temple_entry_slanted,
          serial_undead, serial_undead_e, serial_undead_a, serial_undead_c,
          serial_undead_c
D:8:      layout_basic, david_lair_generic, basic_altar, grunt_ogre_cave,
          uniq_maurice
D:9:      layout_roguey, good_gods_mini_temple, grunt_ministairs_2
D:10:     minmay_statue_hallways, layout_basic, david_orc_2,
          yredelemnul_altar_generic
D:11:     layout_irregular_city
D:12:     layout_basic, serial_park_tiny_2
D:13:     layout_gridville, nicolae_trove_entry_columns
D:14:     layout_irregular_city, lightli_vaults_fourway_checkpoint,
          serial_shops, shop, nicolae_shop_crystal, nicolae_shop_waterfront,
          nicolae_shop_statue_plus, shop, infiniplex_staircase_pool_1,
          hangedman_decor_riveting
D:15:     gammafunk_enter_depths_forms, layout_rooms, minmay_strange_pillars,
          uniq_jorgrun
Lair:1:   layout_gridlike, lemuel_fruit_fields, grunt_megastairs_2
Lair:2:   layout_chaotic_city, grunt_megastairs_3, serial_bayou_shore_b,
          infiniplex_staircase_pool
Lair:3:   layout_misc_corridors, palyth_hydra_swamp_entry, spider_nest_entry_a,
          uniq_urug
Lair:4:   lemuel_slime, layout_gridlike, guppyfry_lair_drakes, uniq_rupert
Lair:5:   layout_cave_pods
Lair:6:   minmay_lair_end_frog_pond, layout_regular_city, slime_altar_1,
          ebering_ghost_inner_flame, nicolae_quartered_pool_super, zaba_anthell
Swamp:1:  layout_basic_swamp, evilmike_swamp_ruin_house_2, uniq_kirke
Swamp:2:  layout_basic_swamp, evilmike_swamp_ruin_house_3
Swamp:3:  layout_basic_swamp, hangedman_swamp_ruin_hall
Swamp:4:  swamp_alternative, layout_basic_swamp, infiniplex_staircase_pool_2,
          uniq_mara
Spider:1: layout_spider_delve, uniq_josephine
Spider:2: layout_spider_delve, nicolae_spider_stair_cavern
Spider:3: layout_spider_delve
Spider:4: grunt_spider_rune_island, drop_trap
Orc:1:    layout_caves, basic_altar, mines_bat_river, uniq_snorg, uniq_nergalle
Orc:2:    pubby_orc_utopia, serial_shops
Vaults:1: hangedman_vaults_locks, v_misc_5, nicolae_vaults_hallways_thing,
          st_diamondy, v_alt_pattern_3, hangedman_vaults_cutoff, v_misc_12,
          v_rooms_2, vaults_room_boxed, vaults_dpeg_doors, layout_vaults_ring,
          portal_desolation_entry_salt
Vaults:2: v_pattern_2, minmay_crypt_entry_simple_plaza,
          nicolae_vaults_quadrants, nicolae_vaults_asterisk,
          vaults_standard_mumra_lines, nicolae_vaults_mini_display_case,
          hangedman_vaults_trim, nicolae_vaults_alarming,
          dpeg_vaults_monster_box, nicolae_vaults_asterisk,
          layout_vaults_omnigrid, serial_shops, shop
Vaults:3: vaults_room_fancy_cross, hangedman_vaults_corner,
          nicolae_vaults_big_ls, nicolae_vaults_what_the_h,
          nicolae_vaults_stairing_the_circle, v_misc_12,
          vaults_standard_mumra_x, st_more_cells, vaults_room_stairs_pillars,
          ontoclasm_vaults_shuriken, ontoclasm_vaults_gateway,
          layout_vaults_omnicross
Vaults:4: v_misc_1, nicolae_vaults_network_star,
          nicolae_vaults_little_squares_3, ontoclasm_vaults_eye,
          nicolae_vaults_network_periphery, nicolae_vaults_little_squares_2,
          v_misc_9, nicolae_vaults_statue_guard, v_misc_32, v_alt_pattern_1,
          hangedman_vaults_impose, vaults_dpeg_ring, v_misc_19,
          layout_vaults_maze_snakey, serial_shops, shop

Skill      XL: |  1  2  3  4  5  6  7  8  9 10 11 12 13 14 15 16 17 18 19 20 |
---------------+-------------------------------------------------------------+-----
Axes           | 3 4 5 6 7 12 14 | 14.8
Throwing       | 2 |  2.0
Armour         | 2 3 5 6 7 9 11 12 13 14 15 | 15.1
Fighting       | 3 4 5 7 8 9 11 13 14 15 16 17 18 | 18.0
Shields        | 2 4 5 7 9 11 13 14 15 | 15.9
Polearms       | 2 6 9 11 12 13 | 13.3
Invocations    | 2 3 5 6 8 9 10 | 10.0
Translocations | 2 |  2.1
Spellcasting   | 2 |  2.1
Dodging        | 3 4 |  4.5
Stealth        | |  0.6
Evocations     | |  0.1

Action                   |  1- 3 |  4- 6 |  7- 9 | 10-12 | 13-15 | 16-18 | 19-21 || total
-------------------------+-------+-------+-------+-------+-------+-------+-------++-------
Melee: War axe           |    79 |   377 |   102 |       |       |       |       ||   558
       Hand axe          |       |       |    91 |       |    99 |       |    68 ||   258
       Trident           |       |       |   176 |   812 |  2015 |  2754 |    79 ||  5836
       Peck              |       |       |       |   117 |       |       |       ||   117
       Kick              |       |       |       |       |       |   329 |   438 ||   767
       Broad axe         |       |       |       |       |       |    33 |   904 ||   937
Throw: Dart              |     7 |       |       |     1 |       |     1 |       ||     9
       Throwing net      |     3 |     2 |       |       |       |       |       ||     5
Invok: Ancestor Life: He |       |       |     1 |       |       |       |       ||     1
       Recall Ancestor   |       |       |       |     1 |     5 |     3 |       ||     9
       Idealise          |       |       |       |       |     2 |     2 |     1 ||     5
Evoke: Wand              |       |       |       |     2 |     6 |     5 |     2 ||    15
       Phial of floods   |       |       |       |       |       |     1 |       ||     1
  Use: Scroll            |       |     1 |    12 |     8 |     9 |    14 |     6 ||    50
       Potion            |       |       |     1 |     4 |     1 |     5 |     4 ||    15
 Stab: Distracted        |       |       |     1 |    10 |    16 |    17 |     9 ||    53
       Confused          |       |       |       |     2 |    11 |    22 |    69 ||   104
       Paralysed         |       |       |       |     1 |    18 |    78 |    43 ||   140
       Sleeping          |       |       |       |    12 |       |       |       ||    12
       Held in net/web   |       |       |       |       |       |     1 |       ||     1
  Eat: Chunk             |     2 |    11 |    16 |    24 |    41 |    31 |    19 ||   144
       Ration            |       |       |       |       |     2 |     7 |     4 ||    13
Armor: Leather armour    |    30 |       |       |       |       |       |       ||    30
       Scale mail        |       |   132 |   149 |       |       |       |       ||   281
       Ring mail         |       |       |    16 |    39 |       |       |       ||    55
       Plate armour      |       |       |       |    78 |   412 |   746 |   326 ||  1562
Dodge: Dodged            |    52 |   150 |   152 |    99 |   146 |   306 |    94 ||   999
Block: Other             |     8 |    36 |       |       |       |       |       ||    44
       Reflection        |     1 |     2 |     1 |    20 |    20 |    78 |    47 ||   169
       Buckler           |       |     5 |   124 |    61 |       |       |       ||   190
       Shield            |       |       |       |   123 |   675 |  1333 |   962 ||  3093

Table legend:
 A = Non-vault XP
 B = Vault XP
 C = Vault XP percentage of total XP
 D = Non-vault monster count
 E = Vault monster count
 F = Vault count percentage of total count
                 A         B        C        D         E       F
            +---------+---------+-------+---------+---------+-------
      Total |  336039 |  218620 |  39.4 |    1070 |     632 |  37.1
            +---------+---------+-------+---------+---------+-------
        D:1 |      43 |       0 |   0.0 |      25 |       0 |   0.0
        D:2 |      28 |      44 |  61.1 |       8 |       3 |  27.3
        D:3 |     274 |     350 |  56.1 |      22 |      16 |  42.1
        D:4 |     809 |     427 |  34.5 |      25 |      10 |  28.6
        D:5 |     375 |     677 |  64.4 |      22 |       2 |   8.3
        D:6 |     934 |       0 |   0.0 |      19 |       0 |   0.0
        D:7 |    1020 |     276 |  21.3 |      26 |       5 |  16.1
        D:8 |    4099 |    1609 |  28.2 |      43 |       6 |  12.2
        D:9 |    2280 |      80 |   3.4 |      24 |       4 |  14.3
       D:10 |    2456 |     847 |  25.6 |      20 |       8 |  28.6
       D:11 |    5382 |       0 |   0.0 |      32 |       0 |   0.0
       D:12 |    6094 |       0 |   0.0 |      26 |       0 |   0.0
       D:13 |    8807 |       0 |   0.0 |      41 |       0 |   0.0
       D:14 |    9308 |    5625 |  37.7 |      32 |      13 |  28.9
       D:15 |    4120 |    5668 |  57.9 |      17 |       8 |  32.0
     Lair:1 |    1494 |     744 |  33.2 |       6 |       4 |  40.0
     Lair:2 |    3587 |    1521 |  29.8 |      15 |       3 |  16.7
     Lair:3 |    7611 |    3975 |  34.3 |      24 |       8 |  25.0
     Lair:4 |    2607 |    3951 |  60.2 |      10 |      27 |  73.0
     Lair:5 |    3092 |     588 |  16.0 |      11 |       2 |  15.4
     Lair:6 |   24978 |   19047 |  43.3 |      47 |      89 |  65.4
    Swamp:1 |   12123 |    2190 |  15.3 |      33 |       3 |   8.3
    Swamp:2 |   18698 |       0 |   0.0 |      59 |       0 |   0.0
    Swamp:3 |   17225 |       0 |   0.0 |      42 |       0 |   0.0
    Swamp:4 |   10539 |   14123 |  57.3 |      25 |      21 |  45.7
   Spider:1 |   15798 |    2010 |  11.3 |      46 |       6 |  11.5
   Spider:2 |   25150 |       0 |   0.0 |      63 |       0 |   0.0
   Spider:3 |    7209 |       0 |   0.0 |      17 |       0 |   0.0
   Spider:4 |   15874 |   24640 |  60.8 |      44 |      40 |  47.6
      Orc:1 |    4073 |    2007 |  33.0 |      41 |       7 |  14.6
      Orc:2 |       0 |   22463 | 100.0 |       0 |     143 | 100.0
   Vaults:1 |   24349 |   22030 |  47.5 |      45 |      52 |  53.6
   Vaults:2 |   36946 |   29806 |  44.7 |      64 |      41 |  39.0
   Vaults:3 |   39237 |   25442 |  39.3 |      62 |      41 |  39.8
   Vaults:4 |   19420 |   28435 |  59.4 |      34 |      47 |  58.0
      Sewer |       0 |      45 | 100.0 |       0 |      23 | 100.0
            +---------+---------+-------+---------+---------+-------
